General information
- name: BNet
- type: Ladder team game (AT/RT)
- host: Battle.net
- saver: Klaetratus
map: FullScaleAssault
- players: 8
- length: 40:41
- speed: Fast
- version: 1.26 W3XP
- replay type: Public
» download(272 KB)
Players
team 1 (loser)

»
Simpson8860 (
red | 63 APM | 2569 actions | 40:28)
7 Demon Hunter
3 Mana Burn
3 Evasion
1 Metamorphosis
5 Keeper of the Grove
2 Entangling Roots
3 Thorns Aura
» actions
| Assign group hotkey | 33 | |
| Basic commands | 64 | |
| Build / train | 109 | |
| Enter build submenu | 28 | |
| Enter hero's abilities submenu | 12 | |
| Give item / drop item | 4 | |
| Right click | 855 | |
| Select / deselect | 411 | |
| Select group hotkey | 860 | |
| Use ability | 193 | |
2569 total
» units
| Wisp | 26 | |
| Druid of the Claw | 11 | |
| Goblin Shredder | 1 | |
| Dryad | 9 | |
| Hippogryph | 9 | |
| Goblin Zeppelin | 1 | |
57 total
» upgrades
| Druid of the Claw Training | 2 | |
| Strength of the Wild | 3 | |
| Abolish Magic | 1 | |
| Mark of the Claw | 1 | |
| Reinforced Hides | 3 | |
| Ultravision | 1 | |
| Well Spring | 1 | |
| Nature's Blessing | 1 | |
13 total
» buildings
| Altar of Elders | 1 | |
| Moon Well | 7 | |
| Tree of Ages | 1 | |
| Hunter's Hall | 1 | |
| Ancient of Lore | 2 | |
| Tree of Eternity | 1 | |
| Ancient of Wonders | 1 | |
| Tree of Life | 1 | |
| Ancient Protector | 11 | |
| Ancient of Wind | 2 | |
28 total
» build order
00:08 Altar of Elders
00:33 Moon Well
02:08 Tree of Ages
02:39 Hunter's Hall
02:52 Moon Well
03:45 Moon Well
04:34 Ancient of Lore
04:55 Ancient of Lore
06:08 Tree of Eternity
08:46 Moon Well
09:24 Ancient of Wonders
09:59 Tree of Life
10:46 Ancient Protector
11:00 Ancient Protector
11:02 Ancient Protector
12:32 Moon Well
12:49 Moon Well
13:30 Ancient Protector
13:47 Moon Well
14:15 Ancient Protector
15:33 Ancient Protector
15:53 Ancient Protector
21:56 Ancient Protector
22:00 Ancient Protector
22:33 Ancient Protector
22:41 Ancient Protector
28:37 Ancient of Wind
28:39 Ancient of Wind
» items
| Potion of Healing | 3 | |
| Orb of Venom | 2 | |
| Staff of Preservation | 1 | |
| Scroll of Town Portal | 3 | |
| Potion of Lesser Invulnerability | 3 | |
| Scroll of Protection | 3 | |
| Scroll of Healing | 2 | |
| Staff of Teleportation | 2 | |
19 total
Westerner (
green | 76 APM | 3078 actions | 40:26)
9 Priestess of the Moon
3 Trueshot Aura
3 Scout
1 Starfall
2 Searing Arrows
» actions
| Assign group hotkey | 32 | |
| Basic commands | 80 | |
| Build / train | 86 | |
| ESC pressed | 5 | |
| Enter build submenu | 21 | |
| Enter hero's abilities submenu | 8 | |
| Give item / drop item | 7 | |
| Remove unit from queue | 3 | |
| Right click | 1011 | |
| Select / deselect | 475 | |
| Select group hotkey | 1164 | |
| Use ability | 186 | |
3078 total
» units
| Wisp | 20 | |
| Archer | 6 | |
| Mountain Giant | 10 | |
| Dryad | 8 | |
| Hippogryph | 4 | |
48 total
» upgrades
| Reinforced Hides | 3 | |
| Strength of the Wild | 3 | |
| Resistant Skin | 1 | |
| Hardened Skin | 1 | |
| Abolish Magic | 1 | |
| Ultravision | 1 | |
10 total
» buildings
| Moon Well | 8 | |
| Ancient of War | 1 | |
| Altar of Elders | 1 | |
| Ancient of Wonders | 1 | |
| Tree of Ages | 1 | |
| Tree of Life | 1 | |
| Hunter's Hall | 1 | |
| Tree of Eternity | 1 | |
| Ancient of Lore | 3 | |
| Ancient of Wind | 3 | |
21 total
» build order
00:27 Moon Well
00:38 Ancient of War
00:52 Altar of Elders
01:19 Moon Well
02:07 Ancient of Wonders
02:22 Moon Well
04:01 Tree of Ages
04:37 Tree of Life
05:03 Hunter's Hall
05:39 Moon Well
07:19 Tree of Eternity
07:52 Ancient of Lore
07:57 Ancient of Lore
08:00 Ancient of Lore
08:03 Moon Well
09:25 Moon Well
12:24 Moon Well
14:32 Moon Well
27:40 Ancient of Wind
27:44 Ancient of Wind
27:49 Ancient of Wind
» items
| Periapt of Vitality | 1 | |
| Boots of Speed | 1 | |
| Anti-magic Potion | 5 | |
| Potion of Healing | 1 | |
| Scroll of Town Portal | 4 | |
12 total
abchiccup (
pink | 41 APM | 1631 actions | 39:36)
5 Mountain King
3 Storm Bolt
2 Bash
7 Archmage
3 Summon Water Elemental
3 Brilliance Aura
1 Mass Teleport
2 Paladin
1 Devotion Aura
1 Holy Light
» actions
| Assign group hotkey | 25 | |
| Basic commands | 11 | |
| Build / train | 86 | |
| Enter build submenu | 35 | |
| Enter hero's abilities submenu | 14 | |
| Give item / drop item | 9 | |
| Right click | 711 | |
| Select / deselect | 442 | |
| Select group hotkey | 186 | |
| Use ability | 112 | |
1631 total
» units
| Peasant | 32 | |
| Goblin Shredder | 1 | |
| Goblin Zeppelin | 2 | |
| Gryphon Rider | 7 | |
42 total
» upgrades
| Storm Hammers | 1 | |
| Armor | 3 | |
| Swords | 3 | |
| Animal War Training | 1 | |
8 total
» buildings
| Farm | 17 | |
| Altar of Kings | 1 | |
| Lumber Mill | 1 | |
| Keep | 2 | |
| Town Hall | 5 | |
| Castle | 3 | |
| Gryphon Aviary | 6 | |
| Arcane Vault | 1 | |
| Blacksmith | 2 | |
| Barracks | 1 | |
39 total
» build order
00:10 Farm
00:13 Altar of Kings
00:38 Lumber Mill
01:09 Farm
01:25 Farm
03:44 Keep
04:50 Town Hall
06:24 Farm
06:37 Farm
06:40 Castle
08:18 Gryphon Aviary
08:22 Gryphon Aviary
08:28 Gryphon Aviary
08:31 Gryphon Aviary
08:34 Gryphon Aviary
08:45 Gryphon Aviary
08:49 Arcane Vault
09:27 Town Hall
10:01 Blacksmith
10:04 Blacksmith
10:09 Barracks
10:13 Farm
13:12 Farm
13:16 Farm
13:21 Farm
13:25 Farm
13:29 Farm
14:24 Farm
14:26 Farm
21:41 Town Hall
26:18 Town Hall
27:49 Keep
29:20 Farm
29:25 Farm
30:56 Castle
31:02 Farm
31:04 Farm
35:59 Town Hall
» items
| Boots of Speed | 2 | |
| Periapt of Vitality | 4 | |
| Lesser Clarity Potion | 1 | |
| Scroll of Regeneration | 1 | |
| Scroll of Town Portal | 4 | |
| Scroll of Healing | 2 | |
14 total
Feuergeist (
purple | 32 APM | 1319 actions | 40:39)
7 Death Knight
3 Death Coil
3 Unholy Aura
1 Animate Dead
5 Dark Ranger
3 Black Arrow
2 Silence
4 Dreadlord
2 Vampiric Aura
2 Sleep
» actions
| Basic commands | 88 | |
| Build / train | 142 | |
| Enter build submenu | 33 | |
| Enter hero's abilities submenu | 16 | |
| Give item / drop item | 2 | |
| Remove unit from queue | 7 | |
| Right click | 333 | |
| Select / deselect | 592 | |
| Use ability | 106 | |
1319 total
» units
| Acolyte | 27 | |
| Ghoul | 12 | |
| Makrura Deepseer | 1 | |
| Goblin Zeppelin | 1 | |
| Obsidian Statue | 2 | |
| Abomination | 2 | |
| Necromancer | 4 | |
| Crypt Fiend | 3 | |
| Frost Wyrm | 9 | |
| Banshee | 2 | |
| Gargoyle | 1 | |
64 total
» upgrades
| Unholy Armor | 3 | |
| Creature Carapace | 5 | |
| Necromancer Training | 2 | |
| Skeletal Mastery | 1 | |
| Skeletal Longevity | 1 | |
| Disease Cloud | 1 | |
| Creature Attack | 3 | |
| Unholy Strength | 3 | |
| Ghoul Frenzy | 1 | |
| Web | 1 | |
| Freezing Breath | 1 | |
| Banshee Training | 2 | |
24 total
» buildings
| Altar of Darkness | 1 | |
| Ziggurat | 16 | |
| Tomb of Relics | 1 | |
| Crypt | 1 | |
| Nerubian Tower | 3 | |
| Halls of the Dead | 2 | |
| Graveyard | 1 | |
| Slaughterhouse | 1 | |
| Black Citadel | 1 | |
| Spirit Tower | 9 | |
| Temple of the Damned | 1 | |
| Sacrificial Pit | 1 | |
| Boneyard | 2 | |
40 total
» build order
00:16 Altar of Darkness
00:22 Ziggurat
00:47 Tomb of Relics
00:53 Crypt
01:19 Ziggurat
02:12 Nerubian Tower
03:22 Halls of the Dead
03:22 Halls of the Dead
03:42 Graveyard
04:47 Ziggurat
06:01 Slaughterhouse
06:17 Ziggurat
06:19 Ziggurat
06:22 Ziggurat
07:38 Nerubian Tower
08:08 Black Citadel
08:38 Ziggurat
08:39 Spirit Tower
08:42 Spirit Tower
08:44 Spirit Tower
08:46 Ziggurat
08:53 Temple of the Damned
09:47 Spirit Tower
10:06 Spirit Tower
10:10 Ziggurat
10:39 Sacrificial Pit
11:14 Spirit Tower
14:14 Boneyard
14:52 Spirit Tower
15:16 Boneyard
16:37 Ziggurat
16:42 Ziggurat
17:34 Spirit Tower
17:35 Nerubian Tower
18:49 Ziggurat
18:54 Ziggurat
19:07 Ziggurat
19:10 Ziggurat
21:54 Spirit Tower
22:47 Ziggurat
» items
| Rod of Necromancy | 1 | |
| Sacrificial Skull | 1 | |
| Orb of Corruption | 3 | |
| Scroll of Town Portal | 4 | |
9 total
team 2 (winner)

»
firstallday (
yellow | 31 APM | 772 actions | 24:53)
4 Death Knight
1 Death Pact
2 Unholy Aura
1 Death Coil
3 Dark Ranger
2 Black Arrow
1 Silence
3 Dreadlord
2 Vampiric Aura
1 Sleep
» actions
| Assign group hotkey | 2 | |
| Basic commands | 36 | |
| Build / train | 67 | |
| Enter build submenu | 25 | |
| Enter hero's abilities submenu | 10 | |
| Give item / drop item | 2 | |
| Remove unit from queue | 1 | |
| Right click | 277 | |
| Select / deselect | 305 | |
| Select group hotkey | 4 | |
| Use ability | 43 | |
772 total
» units
| Acolyte | 12 | |
| Ghoul | 6 | |
| Goblin Shredder | 1 | |
| Abomination | 9 | |
| Obsidian Statue | 4 | |
| Necromancer | 1 | |
33 total
» upgrades
| Disease Cloud | 1 | |
| Unholy Strength | 3 | |
| Unholy Armor | 3 | |
| Necromancer Training | 2 | |
| Destroyer Form | 1 | |
| Skeletal Longevity | 1 | |
| Skeletal Mastery | 1 | |
12 total
» buildings
| Ziggurat | 12 | |
| Altar of Darkness | 1 | |
| Crypt | 2 | |
| Graveyard | 1 | |
| Tomb of Relics | 1 | |
| Halls of the Dead | 1 | |
| Nerubian Tower | 3 | |
| Black Citadel | 1 | |
| Slaughterhouse | 3 | |
| Temple of the Damned | 1 | |
26 total
» build order
00:17 Ziggurat
00:24 Altar of Darkness
00:36 Crypt
00:58 Crypt
01:26 Ziggurat
02:19 Graveyard
02:25 Tomb of Relics
03:19 Halls of the Dead
04:41 Ziggurat
04:43 Ziggurat
04:46 Nerubian Tower
05:41 Black Citadel
06:39 Slaughterhouse
06:45 Slaughterhouse
10:22 Ziggurat
10:33 Ziggurat
10:38 Ziggurat
11:57 Nerubian Tower
12:28 Temple of the Damned
13:03 Slaughterhouse
18:23 Ziggurat
18:25 Ziggurat
19:23 Nerubian Tower
20:13 Ziggurat
20:19 Ziggurat
20:23 Ziggurat
» items
| Orb of Corruption | 1 | |
| Scroll of Town Portal | 2 | |
3 total
Lazyass2 (
teal | 40 APM | 1614 actions | 40:40)
10 Death Knight
3 Death Coil
3 Unholy Aura
1 Animate Dead
3 Death Pact
9 Pit Lord
3 Howl of Terror
3 Cleaving Attack
1 Doom
2 Rain of Fire
» actions
| Basic commands | 63 | |
| Build / train | 98 | |
| Enter build submenu | 21 | |
| Enter hero's abilities submenu | 22 | |
| Give item / drop item | 4 | |
| Right click | 955 | |
| Select / deselect | 342 | |
| Use ability | 109 | |
1614 total
» units
| Acolyte | 14 | |
| Ghoul | 8 | |
| Crypt Fiend | 10 | |
| Goblin Zeppelin | 2 | |
| Frost Wyrm | 10 | |
44 total
» upgrades
| Web | 1 | |
| Creature Attack | 3 | |
| Creature Carapace | 3 | |
| Freezing Breath | 1 | |
8 total
» buildings
| Ziggurat | 9 | |
| Altar of Darkness | 1 | |
| Crypt | 1 | |
| Graveyard | 2 | |
| Tomb of Relics | 2 | |
| Nerubian Tower | 1 | |
| Halls of the Dead | 1 | |
| Black Citadel | 3 | |
| Sacrificial Pit | 1 | |
| Boneyard | 2 | |
| Spirit Tower | 2 | |
25 total
» build order
00:07 Ziggurat
00:10 Altar of Darkness
00:35 Crypt
00:59 Graveyard
01:31 Ziggurat
01:34 Tomb of Relics
02:55 Nerubian Tower
03:43 Halls of the Dead
04:18 Ziggurat
05:02 Ziggurat
07:20 Black Citadel
07:20 Black Citadel
07:35 Sacrificial Pit
08:50 Graveyard
08:54 Tomb of Relics
09:42 Boneyard
09:45 Boneyard
09:55 Ziggurat
10:38 Ziggurat
11:04 Ziggurat
14:21 Ziggurat
16:40 Ziggurat
24:23 Spirit Tower
» items
| Rod of Necromancy | 2 | |
| Orb of Corruption | 4 | |
| Circlet of Nobility | 1 | |
| Scroll of Town Portal | 8 | |
15 total
Klaetratus (
blue | 76 APM | 3078 actions | 40:41)
10 Archmage
3 Summon Water Elemental
3 Brilliance Aura
1 Mass Teleport
3 Blizzard
1 Dark Ranger
1 Silence
» actions
| Assign group hotkey | 82 | |
| Basic commands | 70 | |
| Build / train | 164 | |
| ESC pressed | 5 | |
| Enter build submenu | 53 | |
| Enter hero's abilities submenu | 11 | |
| Give item / drop item | 7 | |
| Remove unit from queue | 6 | |
| Right click | 1059 | |
| Select / deselect | 664 | |
| Select group hotkey | 793 | |
| Use ability | 164 | |
3078 total
» units
| Peasant | 27 | |
| Footman | 8 | |
| Goblin Zeppelin | 1 | |
| Gryphon Rider | 24 | |
| Blue Dragon | 13 | |
| Goblin Shredder | 1 | |
| Gargoyle | 7 | |
| Dragonhawk Rider | 6 | |
87 total
» upgrades
| Masonry | 3 | |
| Swords | 3 | |
| Lumber Harvesting | 2 | |
| Armor | 3 | |
| Animal War Training | 1 | |
| Storm Hammers | 1 | |
| Creature Attack | 2 | |
| Creature Carapace | 1 | |
| Cloud | 1 | |
17 total
» buildings
| Altar of Kings | 1 | |
| Farm | 14 | |
| Barracks | 1 | |
| Lumber Mill | 1 | |
| Town Hall | 3 | |
| Scout Tower | 25 | |
| Guard Tower | 10 | |
| Arcane Vault | 1 | |
| Keep | 1 | |
| Blacksmith | 1 | |
| Castle | 1 | |
| Gryphon Aviary | 4 | |
| Arcane Tower | 1 | |
64 total
» build order
00:02 Altar of Kings
00:05 Farm
00:23 Barracks
00:45 Farm
01:40 Farm
02:20 Lumber Mill
04:06 Town Hall
04:08 Scout Tower
04:20 Scout Tower
04:47 Farm
04:51 Guard Tower
05:08 Guard Tower
05:23 Arcane Vault
06:21 Keep
06:27 Scout Tower
06:31 Scout Tower
06:56 Blacksmith
07:05 Farm
07:09 Guard Tower
08:09 Scout Tower
08:12 Scout Tower
08:34 Scout Tower
08:47 Guard Tower
08:50 Castle
08:58 Gryphon Aviary
08:59 Gryphon Aviary
09:44 Arcane Tower
10:48 Scout Tower
10:50 Scout Tower
10:52 Scout Tower
10:54 Scout Tower
10:57 Scout Tower
11:00 Scout Tower
11:20 Town Hall
11:25 Guard Tower
11:57 Guard Tower
14:42 Scout Tower
14:43 Scout Tower
15:42 Guard Tower
16:22 Farm
16:24 Farm
18:00 Scout Tower
18:03 Scout Tower
18:05 Scout Tower
18:09 Scout Tower
18:12 Scout Tower
20:49 Guard Tower
23:13 Farm
23:16 Farm
23:18 Farm
23:29 Gryphon Aviary
23:36 Gryphon Aviary
26:46 Farm
26:47 Farm
26:48 Farm
26:49 Farm
29:46 Town Hall
32:06 Scout Tower
32:10 Scout Tower
32:17 Scout Tower
33:34 Guard Tower
33:35 Guard Tower
36:31 Scout Tower
36:32 Scout Tower
» items
| Scroll of Regeneration | 15 | |
| Mechanical Critter | 2 | |
| Scroll of Town Portal | 8 | |
| Orb of Fire | 1 | |
| Potion of Healing | 2 | |
| Orb of Corruption | 1 | |
29 total

»
Cavewars (
orange | 38 APM | 1558 actions | 40:40)
7 Crypt Lord
3 Carrion Beetles
2 Impale
1 Locust Swarm
1 Spiked Carapace
» actions
| Build / train | 137 | |
| Enter build submenu | 38 | |
| Enter hero's abilities submenu | 7 | |
| Give item / drop item | 2 | |
| Right click | 976 | |
| Select / deselect | 343 | |
| Use ability | 55 | |
1558 total
» units
| Acolyte | 24 | |
| Ghoul | 24 | |
| Crypt Fiend | 3 | |
| Abomination | 2 | |
| Gargoyle | 37 | |
| Blue Drake | 1 | |
| Blue Dragon Whelp | 2 | |
| Necromancer | 1 | |
| Meatwagon | 2 | |
96 total
» upgrades
| Cannibalize | 1 | |
| Unholy Strength | 3 | |
| Unholy Armor | 3 | |
| Creature Attack | 3 | |
| Creature Carapace | 3 | |
| Ghoul Frenzy | 1 | |
| Web | 1 | |
| Burrow | 1 | |
| Disease Cloud | 1 | |
| Stone Form | 2 | |
| Skeletal Mastery | 1 | |
| Necromancer Training | 2 | |
| Skeletal Longevity | 1 | |
| Exhume Corpses | 1 | |
24 total
» buildings
| Ziggurat | 14 | |
| Altar of Darkness | 1 | |
| Crypt | 2 | |
| Tomb of Relics | 1 | |
| Graveyard | 2 | |
| Halls of the Dead | 1 | |
| Black Citadel | 1 | |
| Sacrificial Pit | 1 | |
| Slaughterhouse | 2 | |
| Temple of the Damned | 2 | |
| Spirit Tower | 6 | |
33 total
» build order
00:18 Ziggurat
00:23 Altar of Darkness
00:47 Crypt
01:03 Tomb of Relics
01:25 Graveyard
01:44 Ziggurat
03:09 Ziggurat
03:38 Ziggurat
06:26 Halls of the Dead
07:00 Ziggurat
07:12 Crypt
07:18 Ziggurat
07:27 Ziggurat
08:51 Black Citadel
09:03 Sacrificial Pit
09:14 Graveyard
09:31 Slaughterhouse
09:37 Slaughterhouse
09:42 Temple of the Damned
09:51 Temple of the Damned
10:07 Ziggurat
10:18 Ziggurat
18:14 Ziggurat
18:17 Ziggurat
18:21 Ziggurat
18:25 Ziggurat
18:32 Ziggurat
19:20 Spirit Tower
19:25 Spirit Tower
19:42 Spirit Tower
19:48 Spirit Tower
21:09 Spirit Tower
21:24 Spirit Tower
» items
Chat log
(00:12 / Allies) firstallday: ill go aboms
(07:59 / Allies) Klaetratus: creep middle?
(13:18 / Allies) Lazyass2: get the items
(14:17 / Allies) Klaetratus: gj
(14:29 / Allies) Lazyass2: pink is stupid..
(14:32 / Allies) firstallday: meet?
(14:35 / Allies) Lazyass2: dude gets 3 heroes and cant control for shit
(14:46 / Allies) Lazyass2: going south
(14:49 / Allies) Lazyass2: wtf
(14:53 / Allies) Klaetratus: coming
(17:49 / Allies) Cavewars: b
(17:50 / Allies) Cavewars: b
(17:50 / Allies) Cavewars: b
(17:50 / Allies) Cavewars: b
(17:51 / Allies) Cavewars: b
(17:55 / Allies) Cavewars: yellow
(19:38 / Allies) Klaetratus: help teal
(19:39 / Allies) Cavewars: meet
(20:10 / All) Klaetratus: Sorry pink :(
(20:42 / Allies) Lazyass2: go for a main
(20:43 / Allies) Cavewars: gogogogogobgogbogogg
(20:56 / Allies) Lazyass2: the main
(21:10 / Allies) Lazyass2: k
(21:10 / Allies) Lazyass2: back
(21:22 / Allies) Klaetratus: got it
(21:33 / Allies) Lazyass2: and now go
(22:23 / Allies) firstallday: anit magic....
(22:25 / Allies) firstallday: damn
(22:40 / Allies) Lazyass2: go blue
(22:42 / Allies) Klaetratus: they are hitting me
(22:46 / Allies) Lazyass2: goooooo
(23:59 / Allies) Klaetratus: got 2 level 10 dragons
(24:01 / Allies) Klaetratus: that's gg
(24:13 / Allies) Lazyass2: out
(24:16 / Allies) Klaetratus: yeah
(24:17 / Allies) Lazyass2: out
(24:22 / All) abchiccup: gg
(24:27 / All) Klaetratus: Not over yet
(24:28 / All) abchiccup: dont hero focus next time teal
(24:35 / All) abchiccup: sign of a true noob
(24:50 / All) Klaetratus: I got 2 level 10 dragons btw
(25:03 / Allies) Lazyass2: orange please contol him
(25:53 / Allies) Klaetratus: they are hitting get ready to tp oj
(25:55 / Allies) Klaetratus: and teal
(27:37 / All) Klaetratus: sign of a true noob
(27:48 / Allies) Lazyass2: cause of him
(27:51 / Allies) Lazyass2: he fucked them up
(27:54 / Allies) Klaetratus: talking to pink
(28:03 / All) abchiccup: yes?
(28:05 / All) abchiccup: what is?
(28:05 / Allies) Lazyass2: yea but thakns to purp we got a shot
(28:14 / All) Klaetratus: you just put us back in the game
(28:21 / All) abchiccup: so u copy a comment without imputting any original ideas
(28:24 / All) abchiccup: sign of a true retard
(28:25 / All) Klaetratus: lol
(28:44 / All) Klaetratus: free xp from purp
(28:50 / All) abchiccup: u r so dumb purp
(29:02 / All) abchiccup: hows the expo hunting working out for you?
(29:11 / Allies) Klaetratus: well
(29:29 / Allies) Klaetratus: we got this won i think
(29:34 / Allies) Klaetratus: pink will eat shit
(30:23 / All) Klaetratus: sign of a true noob
(30:31 / Allies) Lazyass2: back
(30:32 / Allies) Lazyass2: back
(32:53 / Allies) Klaetratus: getting a 3rd dragon
(32:53 / Allies) Klaetratus: sec
(33:02 / Allies) Lazyass2: then mass tp to me
(33:05 / Allies) Lazyass2: and hit south
(33:05 / Allies) Klaetratus: k
(33:11 / Allies) Klaetratus: ty for wood oj
(33:13 / Allies) Klaetratus: have lots though
(33:15 / Allies) Lazyass2: ,,shit
(33:21 / Allies) Lazyass2: im going south now
(33:28 / Allies) Klaetratus: lets hit
(33:30 / Allies) Klaetratus: unless they go for mains
(33:32 / Allies) Lazyass2: get back
(33:33 / Allies) Lazyass2: get back
(33:34 / Allies) Lazyass2: get back
(33:36 / Allies) Lazyass2: get hack
(33:44 / Allies) Lazyass2: GET BACK
(33:45 / Allies) Lazyass2: OIRANGE
(34:00 / All) Klaetratus: 3 level 10 dragons
(35:15 / Allies) Klaetratus: counter
(35:21 / Allies) Lazyass2: mass tp o my expo
(35:22 / Allies) Lazyass2: pls
(35:26 / Allies) Cavewars: gold me
(36:16 / Allies) Klaetratus: misclick damn
(37:00 / Allies) Klaetratus: making towers to protect you
(37:02 / Allies) Klaetratus: teal
(37:07 / Allies) Lazyass2: it aint worth it
(37:16 / Allies) Klaetratus: oh yeah didnt notice gold
(37:19 / All) abchiccup: why not invent a siege unit that can fly over trees and buildings?
(37:25 / All) Klaetratus: because sign of the noob
(37:27 / All) Klaetratus: thats sign of the noob
(37:31 / All) Klaetratus: you want a unit thats sign of the noob
(37:43 / All) abchiccup: STFU UR A RETARD
(37:46 / All) Klaetratus: sign of the noob
(37:52 / All) abchiccup: ENOUGH SAID
(38:00 / Allies) Lazyass2: back
(38:02 / Allies) Lazyass2: bnack
(38:05 / Allies) Lazyass2: BACK
(38:07 / Allies) Lazyass2: THE STARFLL
(38:11 / Allies) Lazyass2: IOMG
(38:18 / Allies) Lazyass2: orange
(38:19 / Allies) Lazyass2: you
(38:19 / Allies) Lazyass2: are
(38:20 / Allies) Lazyass2: a
(38:21 / Allies) Lazyass2: fucking
(38:22 / Allies) Lazyass2: retard
(38:36 / Allies) Klaetratus: making dhawks
(39:18 / All) Klaetratus: sign of the noob
(39:31 / All) abchiccup: GG
(39:38 / All) Klaetratus: gg
(39:43 / Allies) Klaetratus: I trolled pink hard
(39:44 / Allies) Klaetratus: He is pissed
(40:27 / All) Klaetratus: gg
(40:30 / All) Klaetratus: shit eaters on fullscale
(40:31 / All) Feuergeist: gg
(40:36 / All) Klaetratus: pink is a fag